 Dungeon Crawl Stone Soup version 0.26-b1-32-g5d43845318 (webtiles) character file.

Game seed: 9941254757237713879

3728 DerHolg the Cleaver (level 9, -3/123 HPs)
             Began as a Minotaur Berserker on Jan 5, 2021.
             Was a High Priest of Trog.
             Slain by an orc warrior
             ... wielding a +0 short sword
              (6 damage)
             ... on level 7 of the Dungeon.
             The game lasted 00:31:08 (8318 turns).

DerHolg the Cleaver (Minotaur Berserker)            Turns: 8318, Time: 00:31:09

Health: -3/123     AC:  9    Str: 22    XL:     9   Next: 92%
Magic:  8/8        EV: 12    Int: 10    God:    Trog [*****.]
Gold:   578        SH:  0    Dex: 13    Spells: 8/8 levels left

rFire    . . .     SeeInvis .   a - +0 broad axe
rCold    . . .     Faith    .   (no shield)
rNeg     . . .     Spirit   .   i - +0 chain mail
rPois    .         Reflect  .   (helmet restricted)
rElec    .         Harm     .   y - +0 cloak
rCorr    .         Rampage  .   l - +0 pair of gloves
Will     ++...                  (no boots)
Stlth    ..........             (no amulet)
HPRegen  1.30/turn              (no ring)
MPRegen  0.11/turn              w - +6 ring of intelligence

@: berserking (expiring), corroded, regenerating, very quick
A: retaliatory headbutt, horns 2
a: Renounce Religion, Berserk, Trog's Hand, Brothers in Arms


You were on level 7 of the Dungeon.
You worshipped Trog.
Trog was extremely pleased with you.
You visited 1 branch of the dungeon, and saw 7 of its levels.
You also visited: Sewer and Ossuary.

You collected 578 gold pieces.

Inventory:

Hand Weapons
 a - a +0 broad axe (weapon)
 b - a +0 shortbow
 L - a +2 hand axe
Missiles
 p - 145 arrows
Armour
 i - a +0 chain mail (worn)
 l - a +0 pair of gloves (worn)
 y - a +0 cloak (worn)
Jewellery
 w - a +6 ring of intelligence (right hand)
 z - an uncursed amulet of faith {unknown}
 D - an uncursed ring of poison resistance {unknown}
Wands
 u - a wand of digging (20)
 F - a wand of disintegration (13)
 I - a wand of random effects (7)
 J - a wand of acid (5)
 K - a wand of polymorph (5)
Scrolls
 c - 2 scrolls of magic mapping
 d - 10 scrolls of teleportation
 m - 5 scrolls of remove curse
 q - 2 scrolls of blinking
 r - a scroll of fog
 A - a scroll of fear {unknown}
 C - a scroll of enchant weapon {unknown}
 E - 3 scrolls of identify
 G - a scroll of amnesia {unknown}
Potions
 e - a potion of ambrosia {unknown}
 f - a potion of flight {unknown}
 g - 10 potions of heal wounds
 h - 3 potions of invisibility
 j - 4 potions of mutation {unknown}
 k - a potion of brilliance {unknown}
 n - 3 potions of haste {unknown}
 o - a potion of attraction {unknown}
 s - 9 potions of curing
 t - 2 potions of might
 v - 3 potions of degeneration {unknown}
 x - 2 potions of cancellation {unknown}
 B - a potion of magic {unknown}
 H - a potion of lignification {unknown}


   Skills:
 + Level 8.5 Fighting
 + Level 8.6 Axes
 + Level 5.8 Bows
 + Level 8.1 Armour
 + Level 7.4 Dodging
 - Level 2.7 Shields


You had 8 spell levels left.
You didn't know any spells.
Your spell library was empty.

Dungeon Overview and Level Annotations

Branches:
Dungeon (7/15)             Temple (0/1) D:6           Sewer (visited)
Ossuary (visited)

Altars:
Gozag
Zin


Innate Abilities, Weirdness & Mutations

You reflexively headbutt those who attack you in melee.
You have a pair of horns on your head.


Message History

Trog accepts your kill.
Trog appreciates your killing of a magic user.
The orc warrior zaps a wand.
The bolt of acid hits you! The acid corrodes you!
You are splashed with acid!
* * * LOW HITPOINT WARNING * * *
Maggie closely misses you.
You hit Maggie. You headbutt Maggie!
You kill Maggie!
Trog accepts your kill.
Trog appreciates your killing of a magic user.
The orc warrior zaps a wand.
The bolt of acid hits you!
* * * LOW HITPOINT WARNING * * *
You are splashed with acid!
* * * LOW HITPOINT WARNING * * *
Your Armour skill increases to level 8!
The white imp gestures at you. The puff of frost hits you.
* * * LOW HITPOINT WARNING * * *
The orc warrior hits you with a +0 short sword.
You die...

..≈≈...†)[..#.#8.8##.## ....hh
...≈....).....##)##...##......
............####)###..#..... .
......#...#......##......h..
....#......#...(.##.........
...............(..#.........
≈.............(.............
..##............5o.......... .
##.<.........)@....o...#..
.##.......).................
.....)...................##.
##....†.).).......o###.#.#
##.##............... [#.Z.
#..###.....#.....#... .. ..
#.##################.. ......#
>.. ......#


You could see an orc warrior, an orc wizard, a white imp and an orc.

Vanquished Creatures
  Maggie (D:7)
  The ghost of dracos369 the Ducker, an amateur DsCK of Xom (D:3)
  A wyvern (D:7)
  A wraith (Ossuary)
  Menkaure (D:7)
  A water moccasin (D:6)
  3 orc warriors (D:7)
  An ice beast (D:7)
  A sky beast (D:6)
  2 ogres
  3 phantoms
  3 bullfrogs
  2 scorpions
  3 howler monkeys (D:7)
  4 orc priests
  A centaur skeleton (D:7)
  2 hounds
  Crazy Yiuf (D:3)
  5 bullfrog skeletons
  5 iguanas
  8 orc wizards
  7 worker ants
  A hound skeleton (D:4)
  A mummy (Ossuary)
  13 adders
  3 gnolls (D:3)
  8 river rats
  A white imp (D:7)
  An ufetubus (D:5)
  4 oozes
  An adder skeleton (D:4)
  5 worms
  A dart slug (D:2)
  6 leopard geckos
  49 orcs
  10 ball pythons
  5 giant cockroaches
  11 goblins
  12 hobgoblins
  7 jackals
  6 kobolds
  8 quokkas
  10 bats
  9 frilled lizards
  8 gnoll skeletons (Ossuary)
  5 kobold skeletons (Ossuary)
  12 orc skeletons (Ossuary)
  29 rats
283 creatures vanquished.

Vanquished Creatures (others)
  An orc (D:7)
1 creature vanquished.

Grand Total: 284 creatures vanquished

Notes
Turn   | Place    | Note
-------+----------+-------------------------------------------
     0 | D:1      | DerHolg the Minotaur Berserker began the quest for the Orb.
     0 | D:1      | Reached XP level 1. HP: 19/19 MP: 0/0
   209 | D:1      | Reached XP level 2. HP: 27/27 MP: 1/1
   956 | D:2      | Reached XP level 3. HP: 29/33 MP: 2/2
  1006 | D:2      | Reached ** piety under Trog
  1840 | D:3      | Reached XP level 4. HP: 34/40 MP: 3/3
  2138 | D:3      | Found a glowing drain.
  2147 | Sewer    | Entered a sewer
  2249 | Sewer    | Reached XP level 5. HP: 42/47 MP: 4/4
  2341 | Sewer    | Reached *** piety under Trog
  2588 | Sewer    | Reached skill level 5 in Axes
  2594 | Sewer    | Reached skill level 5 in Fighting
  2638 | Sewer    | Reached XP level 6. HP: 33/56 MP: 5/5
  3074 | D:3      | Found a runed translucent door.
  3154 | D:3      | Noticed dracos369's ghost (amateur DsCK)
  3189 | D:3      | Killed dracos369's ghost
  3190 | D:3      | Reached skill level 1 in Bows
  3190 | D:3      | Reached skill level 5 in Armour
  3190 | D:3      | Reached XP level 7. HP: 62/62 MP: 6/6
  3236 | D:3      | Reached **** piety under Trog
  3545 | D:3      | Found a runed translucent door.
  3546 | D:3      | Noticed Crazy Yiuf
  3713 | D:3      | Found a faded altar of an unknown god.
  3762 | D:3      | Found a glowing silver altar of Zin.
  4052 | D:3      | Killed Crazy Yiuf
  4215 | D:4      | Identified the +4 kite shield of Ymoximix {Int+2}
  4228 | D:3      | Reached skill level 5 in Dodging
  4734 | D:4      | Reached XP level 8. HP: 70/71 MP: 7/7
  4868 | D:4      | Reached skill level 1 in Shields
  5172 | D:5      | Entered Level 5 of the Dungeon
  5331 | D:5      | Reached ***** piety under Trog
  6172 | D:6      | Found a sand-covered staircase.
  6180 | Ossuary  | Entered an ossuary
  6676 | D:6      | Found a staircase to the Ecumenical Temple.
  6857 | D:6      | Found an opulent altar of Gozag.
  6867 | D:6      | Reached XP level 9. HP: 73/79 MP: 8/8
  7644 | D:7      | Received a gift from Trog
  7645 | D:7      | Reached skill level 5 in Bows
  7654 | D:7      | Noticed Menkaure
  7660 | D:7      | Killed Menkaure
  7660 | D:7      | Noticed Maggie
  8317 | D:7      | Killed Maggie
  8317 | D:7      | HP: 5/123 [acid (9)]
  8318 | D:7      | Slain by an orc warrior

Illustrated notes

Levels and vault maps discovered:
D:1:      arrival_zaba_pyramid, layout_basic
D:2:      layout_basic
D:3:      layout_loops_ring, lemuel_round_altar, gup_sewer_entry_bubbles,
          chequers_ecumenical_altar_twisty, serial_glass, glass_columns_b,
          glass_columns_c, glass_columns_b, glass_columns_a,
          ebering_ghost_reflecting_pool, uniq_crazy_yiuf_cottage
D:4:      layout_gridville, minmay_bent
D:5:      layout_loops_ring, supply_closet_lemuel, kennysheep_boxes
D:6:      lemuel_ice_spiral_2, layout_basic, nicolae_overflow_crystal_walls,
          minmay_temple_entry_antechambers, nicolae_ossuary_entry_plus
D:7:      layout_rooms, dk_noncrumbling_2, kennysheep_decorative_pillar,
          minmay_crossroads, uniq_menkaure, uniq_maggie

Skill      XL: |  1  2  3  4  5  6  7  8  9 |
---------------+----------------------------+-----
Fighting       | 4 5 6 7 8 |  8.5
Axes           | 4 5 6 7 8 |  8.6
Armour         | 3 4 5 6 8 |  8.1
Dodging        | 3 4 5 6 7 |  7.4
Bows           | 1 2 4 5 |  5.8
Shields        | 2 |  2.7

Action                   |  1- 3 |  4- 6 |  7- 9 || total
-------------------------+-------+-------+-------++-------
Melee: Hand axe          |   101 |   150 |    26 ||   277
       Headbutt          |    10 |    26 |    81 ||   117
       War axe           |       |       |   292 ||   292
       Broad axe         |       |       |    68 ||    68
 Fire: Shortbow          |       |     3 |    69 ||    72
Invok: Berserk           |       |     1 |     5 ||     6
       Trog's Hand       |       |       |     2 ||     2
  Use: Scroll            |       |       |    12 ||    12
Armor: Animal skin       |     2 |       |       ||     2
       Ring mail         |    32 |    36 |    12 ||    80
       Chain mail        |       |       |   166 ||   166
       Skin              |       |       |    14 ||    14
Dodge: Dodged            |    48 |   101 |   212 ||   361
